 Dungeon Crawl Stone Soup version 0.14-a0-1837-g7fb8695 (webtiles) character file.

396 M4edhros the Sneak (level 6, -5/42 HPs)
             Began as an Octopode Monk on Jan 11, 2014.
             Killed from afar by Sigmund (10 damage)
             ... with a magic dart
             ... on Level 3 of the Dungeon.
             The game lasted 00:04:40 (3019 turns).

M4edhros the Sneak (Octopode Monk)                  Turns: 3019, Time: 00:04:40

HP  -5/42        AC  1     Str 10      XL: 6   Next: 23%
MP   6/6         EV 14     Int 15      God:
Gold 124         SH  0     Dex 14      Spells:  0 memorised,  5 levels left

rFire  . . .     SeeInvis .       - Unarmed
rCold  . . .     Clarity  .     (no shield)
rNeg   . . .     Conserve .     (helmet restricted)
rPois  .         rCorr    .     (no amulet)
rElec  .         rRot     .     d - cursed ring of protection from magic
SustAb . .       Spirit   .     i - ring of wizardry
rMut   .         Warding  .     (no ring)
Saprov . . .     Stasis   .     (no ring)
                                (no ring)
                                (no ring)
                                (no ring)
                                (no ring)

@: somewhat resistant to hostile enchantments, very stealthy
A: almost no armour, amphibious, 8 rings, constrict 8, camouflage 1, gelatinous
body 1
a: no special abilities


You were on level 3 of the Dungeon.
You were not hungry.

You visited 1 branch of the dungeon, and saw 4 of its levels.

You collected 124 gold pieces.

Inventory:

Hand weapons
 e - a +0,+0 crossbow
Missiles
 j - 14 bolts of flame
Comestibles
 b - 2 bread rations
 f - 2 chokos
Scrolls
 a - 2 scrolls of remove curse
 g - 3 scrolls of enchant armour {unknown}
Jewellery
 d - a cursed ring of protection from magic (left tentacle)
 i - a ring of wizardry (right tentacle)


   Skills:
 - Level 3.0 Fighting
 + Level 4.2 Dodging
 * Level 6.5 Stealth
 + Level 5.1 Unarmed Combat


You had 5 spell levels left.
You didn't know any spells.

Dungeon Overview and Level Annotations

Branches:
Dungeon (4/16)
 Temple: D:4-7

Altars:
Elyvilon
Makhleb
Nemelex Xobeh
Trog
Yredelemnul

Annotations:
D:3 Sigmund
D:4 Duvessa


Innate Abilities, Weirdness & Mutations

You cannot wear most types of armour.
You are amphibious.
You can wear up to eight rings at the same time.
You can use your tentacles to constrict many enemies at once.
Your skin changes colour to match your surroundings (Stlth).
Your rubbery body absorbs attacks (AC +1).


Message History

You hit the jackal.
You kill the jackal!
The jackal bites you. Something hits you.
You hit the jackal.
You kill the jackal!
You miss the jackal. You grab the jackal. You constrict the jackal.
The jackal barely misses you. Something hits you!
* * * LOW HITPOINT WARNING * * *
The jackal bites you.
* * * LOW HITPOINT WARNING * * *
You aren't carrying any potions.
You aren't carrying any items that can be evoked.
Read which item? (? for menu, Esc to quit)
Okay, then.
You don't know any spells.
Sorry, you're not good enough to have a special ability.
You hit the jackal but do no damage. You squeeze the jackal.
You kill the jackal!
The magic dart hits you!
You die...

.♣♣♣##...# #.####
).♣##.########....#
b......<..........# {..
..##.#########....###....
.................{r._.....
..##.############%#
.###.#######....s.#
..................#
.###.#######....@## ## #.#
#.....# #.# #.....#
####.#######.....########.
...................<......
#.....######.....######...
#.....# ####.## #.....#
#.# #####.# #.#


You could see a giant mite and a rat.

Vanquished Creatures
  A gnoll shaman (D:4)
  An orc wizard (D:4)
  A worker ant (D:4)
  A scorpion (D:3)
  Jessica (D:2)
  5 adders
  3 gnolls (D:4)
  A worm (D:2)
  2 giant geckos
  5 orcs
  9 bats
  2 giant cockroaches
  3 goblins
  7 hobgoblins
  8 jackals
  5 giant newts
  6 kobolds
  9 rats
70 creatures vanquished.

Notes
Turn   | Place    | Note
--------------------------------------------------------------
     0 | D:1      | M4edhros, the Octopode Monk, began the quest for the Orb.
     0 | D:1      | Reached XP level 1. HP: 16/16 MP: 1/1
   159 | D:1      | Reached XP level 2. HP: 19/21 MP: 2/2
   543 | D:2      | Reached XP level 3. HP: 9/26 MP: 3/3
   851 | D:2      | Noticed Jessica
   864 | D:2      | Killed Jessica
   864 | D:2      | Reached XP level 4. HP: 20/31 MP: 4/4
   985 | D:2      | Found a white marble altar of Elyvilon.
   996 | D:2      | Found a sparkling altar of Nemelex Xobeh.
  1010 | D:2      | Found a bloodstained altar of Trog.
  1047 | D:2      | Found a basalt altar of Yredelemnul.
  1306 | D:3      | Found a white marble altar of Elyvilon.
  1398 | D:3      | Reached skill level 5 in Stealth
  2002 | D:4      | Reached XP level 5. HP: 34/36 MP: 5/5
  2167 | D:4      | Reached skill level 6 in Stealth
  2280 | D:4      | Reached XP level 6. HP: 18/42 MP: 6/6
  2537 | D:4      | Noticed Duvessa
  2540 | D:4      | Reached skill level 5 in Unarmed Combat
  2673 | D:3      | HP: 2/42 [poisoned by a scorpion]
  3004 | D:3      | Found a burning altar of Makhleb.
  3004 | D:3      | Noticed Sigmund
  3019 | D:3      | Killed from afar by Sigmund

Action                   |  1- 3 |  4- 6 || total
-------------------------+-------+-------++-------
Melee: Unarmed           |    59 |   119 ||   178
 Fire: Crossbow          |       |     3 ||     3
  Use: Potion            |     3 |     5 ||     8
       Scroll            |       |     7 ||     7
 Stab: Sleeping          |     6 |    10 ||    16
       Distracted        |       |     1 ||     1
